 Dungeon Crawl Stone Soup version 0.16.1-7-g2c6721e (webtiles) character file.

3021 abixa the Cleaver (level 9, 0/121 HPs)
             Began as a Hill Orc Gladiator on Mar 29, 2015.
             Was a Follower of Qazlal.
             Slain by a killer bee (1 damage)
             ... on level 8 of the Dungeon.
             The game lasted 00:33:53 (7463 turns).

abixa the Cleaver (Hill Orc Gladiator)              Turns: 7463, Time: 00:33:53

Health: 0/121      AC: 24    Str: 24    XL:     9   Next: 85%
Magic:  9/9        EV:  2    Int: 13    God:    Qazlal [*.....]
Gold:   84         SH:  2    Dex: 14    Spells: 0 memorised, 8 levels left

rFire  + + .     SeeInvis .     a - +0 war axe
rCold  + . .     Clarity  .     k - melded +0 ring mail
rNeg   + + +     SustAb   .     (no shield)
rPois  +         Gourm    .     c - melded +1 helmet
rElec  +         Spirit   .     (cloak currently unavailable)
rCorr  +         Warding  .     l - melded +0 pair of gloves
rMut   .         NoTele   +     (boots currently unavailable)
MR     .....                    (no amulet)
Stlth  +.........               I - +6 ring of strength
                                Q - ring of protection from fire

@: brilliant, lethally poisoned (0 -> -6), tree-form, resistant, vulnerable,
very slightly contaminated, invisible, not resistant to hostile enchantments,
very unstealthy
A: no striking features
a: Renounce Religion


You were on level 8 of the Dungeon.
You worshipped Qazlal.
Qazlal was aware of your devotion.
You were not hungry.
You were a tree.
You visited 2 branches of the dungeon, and saw 9 of its levels.

You collected 295 gold pieces.
You spent 211 gold pieces at shops.

Inventory:

Hand weapons
 a - a +0 war axe (weapon)
 G - a +1 spear of venom
Missiles
 d - 3 throwing nets
 e - 29 bolts
 j - 43 sling bullets
 m - 128 stones (quivered)
 p - 97 arrows
 v - 20 arrows of flame
 H - 2 tomahawks
Armour
 c - a +1 helmet (melded)
 k - a +0 ring mail (melded)
 l - a +0 pair of gloves (melded)
Jewellery
 s - an uncursed ring of positive energy
 F - an uncursed ring of ice
 I - a +6 ring of strength (right branch)
 Q - a ring of protection from fire (left branch)
Magical devices
 q - a wand of confusion (0)
 y - a wand of frost (16)
 L - a wand of lightning (2)
 R - a wand of flame (24)
 S - a wand of polymorph (19)
Scrolls
 b - a scroll of random uselessness
 i - 3 scrolls of identify
 o - 3 scrolls of enchant armour
 w - 2 scrolls of magic mapping
 B - 2 scrolls of remove curse
 E - 2 scrolls of amnesia
 N - a scroll of enchant weapon
Potions
 h - a potion of lignification
 n - a potion of heal wounds
 r - a potion of curing
 t - a potion of might {unknown}
 z - a potion of ambrosia {unknown}
 A - a potion of flight {unknown}
 K - a potion of agility {unknown}
 T - a potion of brilliance
Comestibles
 f - 4 meat rations
 g - 3 bread rations
 C - a beef jerky
 O - a slice of pizza


   Skills:
 + Level 7.8 Fighting
 * Level 13.2 Axes
 - Level 2.0 Throwing
 + Level 6.6 Armour
 - Level 2.4 Dodging


You had 8 spell levels left.
You didn't know any spells.

Dungeon Overview and Level Annotations

Branches:
Dungeon (8/15)             Temple (1/1) D:6
   Lair: D:8-11

Altars:
Ashenzari
Cheibriados
Dithmenos
Elyvilon
Fedhas
Gozag
Kikubaaqudgha
Makhleb
Nemelex Xobeh
Okawaru
Qazlal
Ru
Sif Muna
Trog
Vehumet
Xom
Yredelemnul
Zin
The Shining One

Shops:
D:6 !=*!=


Message History

You hit the killer bee!
The killer bee is heavily wounded.
You miss the crimson imp.
The crimson imp is lightly wounded.
The killer bee stings you but does no damage.
The crimson imp hits you but does no damage.
The orc wizard looks braver.
You closely miss the crimson imp. You barely miss the killer bee.
The killer bee is heavily wounded.
* * * LOW HITPOINT WARNING * * *
You feel sick.
The killer bee stings you but does no damage.
The killer bee barely misses you.
The crimson imp hits you but does no damage.
You barely miss the killer bee.
The killer bee is heavily wounded.
You closely miss the crimson imp.
* * * LOW HITPOINT WARNING * * *
You feel sick. You block the killer bee's attack. The killer bee stings you.
You die...

. y. §## # ..# ..# #..
#......## ..###...#
#.......... #.y#...#
##....$..#...######......#
#.......#
#.....†5.......###
y#.y..... #...♣yo.........
..y..... #..####.........
.......# #. #.......## #
#.## # # #.......#
#..#####..# #†......#
##........# #..#...## #
#.........# #..##...##...
#..#####..#####..##.......
# ##.## #.................


You could see a queen bee (wandering), a killer bee, an orc wizard and a crimson
imp.

Vanquished Creatures
  Prince Ribbit (D:7)
  A hippogriff (D:7)
  Edmund (D:5)
  2 wargs (D:8)
  3 orc warriors (D:6)
  An ogre (D:6)
  2 phantoms (D:4)
  A centaur (D:6)
  2 giant frogs
  3 scorpions
  A water moccasin skeleton (D:5)
  7 killer bees (D:8)
  2 goliath beetles (D:6)
  4 crimson imps
  3 hounds
  2 jellies
  2 giant frog skeletons (D:5)
  An orc priest (D:8)
  An iguana (D:4)
  3 orc wizards (D:6)
  7 worker ants
  A killer bee zombie (D:5)
  Ijyb (D:2)
  Terence (D:3)
  4 gnolls
  13 adders
  2 shadow imps (D:5)
  A giant mite (D:3)
  5 worms
  A giant eyeball (D:8)
  An adder zombie (D:5)
  An adder skeleton (D:5)
  3 giant geckos
  2 oozes
  21 orcs
  8 bats
  A bat skeleton (D:4)
  8 giant cockroaches
  13 goblins
  8 hobgoblins
  8 jackals
  5 quokkas
  3 ball pythons (D:4)
  A giant gecko zombie (D:5)
  6 giant newts
  15 kobolds
  A quokka zombie (D:5)
  14 rats
198 creatures vanquished.

Notes
Turn   | Place    | Note
--------------------------------------------------------------
     0 | D:1      | abixa, the Hill Orc Gladiator, began the quest for the Orb.
     0 | D:1      | Reached XP level 1. HP: 18/18 MP: 1/1
   218 | D:1      | Reached XP level 2. HP: 23/25 MP: 2/2
   283 | D:1      | Reached skill level 5 in Axes
   562 | D:1      | Reached XP level 3. HP: 28/30 MP: 3/3
   808 | D:2      | Reached skill level 6 in Axes
   832 | D:2      | Reached XP level 4. HP: 37/37 MP: 4/4
   833 | D:2      | Noticed Ijyb
   874 | D:2      | Killed Ijyb
   919 | D:2      | Found a shattered altar of Ashenzari.
   972 | D:2      | Found a sparkling altar of Nemelex Xobeh.
  1166 | D:2      | Reached skill level 7 in Axes
  1293 | D:3      | Found a radiant altar of Vehumet.
  1296 | D:3      | Found a blossoming altar of Fedhas.
  1300 | D:3      | Found a deep blue altar of Sif Muna.
  1513 | D:3      | Reached XP level 5. HP: 40/42 MP: 5/5
  1568 | D:3      | Noticed Terence
  1585 | D:3      | Killed Terence
  2060 | D:4      | Found a burning altar of Makhleb.
  2115 | D:4      | Reached skill level 1 in Armour
  2269 | D:4      | Found a bloodstained altar of Trog.
  2296 | D:4      | Noticed a phantom
  2328 | D:4      | Killed a phantom
  2328 | D:4      | Reached skill level 8 in Axes
  2328 | D:4      | Reached XP level 6. HP: 26/51 MP: 6/6
  2856 | D:4      | Noticed a phantom
  2889 | D:4      | Killed a phantom
  3046 | D:4      | Reached XP level 7. HP: 51/59 MP: 7/7
  3174 | D:4      | Reached skill level 9 in Axes
  3452 | D:5      | Entered Level 5 of the Dungeon
  3516 | D:5      | Noticed Edmund
  3537 | D:5      | Killed Edmund
  3953 | D:5      | Reached skill level 5 in Fighting
  4050 | D:5      | Reached skill level 10 in Axes
  4050 | D:5      | Reached XP level 8. HP: 60/68 MP: 8/8
  4790 | D:6      | Found Muamn's Distillery.
  4802 | D:6      | Found a staircase to the Ecumenical Temple.
  4810 | D:6      | Bought a potion of mutation for 27 gold pieces
  4810 | D:6      | Bought a potion of poison for 11 gold pieces
  4810 | D:6      | Bought a potion of degeneration for 11 gold pieces
  4822 | Temple   | Entered the Ecumenical Temple
  4827 | Temple   | Became a worshipper of Qazlal Stormbringer
  4886 | D:6      | Found Kocs' General Store.
  4890 | D:6      | Bought a scroll of enchant weapon for 90 gold pieces
  4890 | D:6      | Bought a scroll of remove curse for 36 gold pieces
  5151 | D:6      | Found Schoeddou's Distillery.
  5216 | D:5      | Reached skill level 11 in Axes
  5390 | D:6      | Bought a potion of lignification for 36 gold pieces
  5433 | D:6      | Found Klali's Jewellery Shop.
  5563 | D:6      | Reached skill level 5 in Armour
  5784 | D:6      | Found Ekigomec's Jewellery Shop.
  5793 | D:6      | Reached XP level 9. HP: 60/78 MP: 9/9
  6125 | D:7      | Acquired Qazlal's first power
  6139 | D:7      | Reached skill level 12 in Axes
  6248 | D:7      | Noticed Prince Ribbit
  6639 | D:7      | Killed Prince Ribbit
  7420 | D:8      | Reached skill level 13 in Axes
  7441 | D:8      | HP: 2/79 [killer bee (5)]
  7459 | D:8      | HP: 6/120 [poisoned by a killer bee]
  7460 | D:8      | HP: 2/121 [poisoned by a killer bee]
  7463 | D:8      | Slain by a killer bee

Action                   |  1- 3 |  4- 6 |  7- 9 || total
-------------------------+-------+-------+-------++-------
Melee: War axe           |   113 |   235 |   438 ||   786
Throw: Stone             |     4 |    43 |    82 ||   129
       Tomahawk          |       |       |     7 ||     7
Evoke: Wand              |       |       |    16 ||    16
  Use: Scroll            |       |       |     8 ||     8
       Potion            |       |       |     7 ||     7
 Stab: Confused          |       |       |     9 ||     9
       Invisible         |       |       |    10 ||    10
  Eat: Chunk             |       |     7 |    15 ||    22
